 Dungeon Crawl Stone Soup version 0.26.1-11-gd32895ea62 (webtiles) character file.

Game seed: 17126656357991366802

601288 chaostorm the Sorcerer (level 26, -15/140 HPs)
             Began as a Spriggan Venom Mage on May 4, 2021.
             Was an Elder of Sif Muna.
             Killed from afar by a black draconian (22 damage)
             ... with a bolt of lightning
             ... on level 3 of the Realm of Zot on May 13, 2021.
             The game lasted 23:42:17 (173987 turns).

chaostorm the Sorcerer (Spriggan Venom Mage)      Turns: 173987, Time: 23:42:18

Health: -15/140    AC: 11    Str: 14    XL:     26   Next: 49%
Magic:  0/52       EV: 35    Int: 51    God:    Sif Muna [****..]
Gold:   5956       SH: 14    Dex: 36    Spells: 15/74 levels left

rFire    . . .     SeeInvis +   b - +1 morningstar of Lutzofy {vorpal, *Noise rPois Int+8 Dex+3}
rCold    . . .     Faith    .   A - +3 buckler "Fusa" {*Corrode +Blink Str+5 Dex+8}
rNeg     . . .     Spirit   +   V - +4 robe of Augmentation {Str+4 Int+4 Dex+4}
rPois    +         Reflect  .   n - +2 hat {Int+3}
rElec    .         Harm     .   Z - +2 cloak {rCorr}
rCorr    +         Rampage  .   (gloves unavailable)
Will     ++++.                  (boots unavailable)
Stlth    ++++++++..             d - amulet of Kuiwk {Spirit rF- Int+7 Stlth+}
HPRegen  0.33/turn              W - ring "Weak Urufi" {Wiz rF+ Str-3 Dex+3 Slay+5}
MPRegen  0.33/turn              R - +6 ring of intelligence

@: berserk cooldown, slowed, quick
A: very small, unfitting armour, see invisible, speed 3
}: 3/15 runes: decaying, silver, gossamer
a: Renounce Religion, Evoke Blink, Channel Magic, Forget Spell, Divine Exegesis


You were on level 3 of the Realm of Zot.
You worshipped Sif Muna.
Sif Muna was greatly pleased with you.
You visited 11 branches of the dungeon, and saw 52 of its levels.
You also visited: Trove.

You collected 10175 gold pieces.
You spent 4219 gold pieces at shops.

Inventory:

Hand Weapons
 b - the +1 morningstar of Lutzofy (weapon) {vorpal, *Noise rPois Int+8 Dex+3}
   (You found it on level 2 of the Spider Nest)

   It inflicts extra damage upon your enemies.
   It affects your intelligence (+8).
   It affects your dexterity (+3).
   It protects you from poison.
   It may make noises in combat.
Armour
 j - a scarf of shadows
 n - a +2 hat of intelligence (worn)
 s - the +5 robe of Night {Dark Will+ SInv}
   (You found it in a treasure trove)

   It affects your willpower, your defense against some magical effects.
   It lets you see invisible.
 A - the +3 buckler "Fusa" (worn) {*Corrode +Blink Str+5 Dex+8}
   (You found it on level 5 of the Vaults)

   It affects your strength (+5).
   It affects your dexterity (+8).
   It lets you blink.
   It may corrode you when you take damage.
 V - the +4 robe of Augmentation (worn) {Str+4 Int+4 Dex+4}
   (You took it off a deep elf demonologist on level 3 of the Elven Halls)

   It affects your strength (+4).
   It affects your intelligence (+4).
   It affects your dexterity (+4).
 Z - a +2 cloak of preservation (worn)
Jewellery
 a - an uncursed ring of protection from fire
 d - the amulet of Kuiwk (around neck) {Spirit rF- Int+7 Stlth+}
   (You found it in a treasure trove)

   [amulet of guardian spirit]

   It causes incoming damage to be split between your health and magic.
   It affects your intelligence (+7).
   It makes you vulnerable to fire.
   It makes you more stealthy.
 h - the amulet of the Augurer {RegenMP Will- Str+5 Int+4}
   (You took it off a tengu reaver on level 4 of the Depths)

   [amulet of magic regeneration]

   It increases your magic regeneration.
   It affects your strength (+5).
   It affects your intelligence (+4).
   It affects your willpower, your defense against some magical effects.
 p - the ring of Urael {rElec rN+ Slay-5 Stlth+}
   (You took it off a hell knight on level 3 of the Crypt)

   [ring of positive energy]

   It affects your accuracy and damage with ranged weapons and melee attacks
   (-5).
   It insulates you from electricity.
   It protects you from negative energy.
   It makes you more stealthy.
 y - the ring of Ashenzari's Fury {rElec Will++ Str+2 Int-5 Dex+6}
   (You acquired it on level 2 of the Elven Halls)

   [ring of dexterity]

   It affects your strength (+2).
   It affects your intelligence (-5).
   It affects your dexterity (+6).
   It insulates you from electricity.
   It affects your willpower, your defense against some magical effects.
 B - a ring of the Octopus King {rC+ AC+1 EV+1 Str+1 Int+1 Dex+1}
   (You bought it in a shop on level 2 of the Vaults)

   [ring of protection from cold]

   It affects your AC (+1).
   It affects your evasion (+1).
   It affects your strength (+1).
   It affects your intelligence (+1).
   It affects your dexterity (+1).
   It protects you from cold.
 G - an uncursed amulet of reflection
 J - the amulet "Raiq" {Regen+ MP+9 Dex+5}
   (You took it off a hell knight on level 3 of the Crypt)

   [amulet of regeneration]

   It affects your dexterity (+5).
   It affects your magic capacity (+9).
   It increases your rate of regeneration.
 K - an uncursed amulet of the acrobat
 M - an uncursed ring of stealth
 O - an uncursed ring of magical power
 R - a +6 ring of intelligence (right hand)
 U - the ring "Nezet" {rN+ Will+ Dex+4}
   (You took it off a frost giant on level 4 of the Depths)

   [ring of positive energy]

   It affects your dexterity (+4).
   It protects you from negative energy.
   It affects your willpower, your defense against some magical effects.
 W - the ring "Weak Urufi" (left hand) {Wiz rF+ Str-3 Dex+3 Slay+5}
   (You bought it in a shop on level 1 of the Depths)

   [ring of wizardry]

   It improves your spell success rate.
   It affects your strength (-3).
   It affects your dexterity (+3).
   It affects your accuracy and damage with ranged weapons and melee attacks
   (+5).
   It protects you from fire.
Wands
 k - a wand of disintegration (16)
 m - a wand of flame (162)
 u - a wand of digging (24)
 D - a wand of acid (35)
 S - a wand of iceblast (4)
Scrolls
 g - 2 scrolls of brand weapon
 o - 29 scrolls of teleportation
 x - 3 scrolls of holy word
 E - 21 scrolls of remove curse
 F - 8 scrolls of blinking
 H - 8 scrolls of fog
 L - 3 scrolls of summoning
 P - 8 scrolls of fear
 Q - 5 scrolls of magic mapping
 T - 28 scrolls of identify
 X - a scroll of enchant weapon
 Y - 2 scrolls of silence
Potions
 c - 2 potions of mutation
 e - 8 potions of ambrosia
 f - 4 potions of resistance
 i - 8 potions of heal wounds
 l - 6 potions of brilliance
 q - 23 potions of curing
 r - 10 potions of haste
 v - 8 potions of cancellation
 w - 11 potions of flight
 z - 3 potions of invisibility
 C - 10 potions of lignification
 I - 2 potions of berserk rage
 N - a potion of magic
Miscellaneous
 t - a phantom mirror


   Skills:
 + Level 14.9 Fighting
 - Level 8.0 Slings
 - Level 5.0 Armour
 - Level 12.6 Dodging
 - Level 13.0 Stealth
 + Level 5.9 Shields
 + Level 24.6 Spellcasting
 - Level 9.4 Conjurations
 - Level 10.0 Hexes
 - Level 5.1 Summonings
 - Level 8.4 Translocations
 - Level 8.8 Transmutations
 - Level 8.0 Fire Magic
 - Level 8.0 Air Magic
 + Level 22.4 Earth Magic
 - Level 12.1 Poison Magic
 - Level 10.0 Invocations
 - Level 5.8 Evocations


You had 15 spell levels left.
You knew the following spells:

 Your Spells              Type           Power        Failure   Level
a - Shatter               Erth           69%          1%          9
b - Poisonous Vapours     Pois/Air       100%         0%          2
c - Ignite Poison         Fire/Tmut/Pois 100%         0%          3
d - Lee's Rapid Deconstr  Erth           69%          0%          5
e - Mephitic Cloud        Conj/Pois/Air  100%         0%          3
f - Olgreb's Toxic Radia  Pois           100%         0%          4
g - Iskenderun's Mystic   Conj/Tloc      100%         1%          4
h - Iron Shot             Conj/Erth      61%          1%          6
i - Spellforged Servitor  Conj/Summ      47%          3%          7
j - Apportation           Tloc           100%         0%          1
k - Foxfire               Conj/Fire      100%         0%          1
m - Airstrike             Air            48%          1%          4
x - Invisibility          Hex            100%         1%          6
y - Blink                 Tloc           N/A          0%          2
z - Passwall              Tmut/Erth      100%         0%          2

Your spell library contained the following spells:

 Spells                   Type           Power        Failure   Level
 Beastly Appendage        Tmut           100%         0%          1
 Corona                   Hex            100%         0%          1
 Magic Dart               Conj           100%         0%          1
 Sandblast                Erth           100%         0%          1
 Shock                    Conj/Air       100%         0%          1
 Sting                    Tmut/Pois      100%         0%          1
 Searing Ray              Conj           100%         0%          2
 Slow                     Hex            100%         0%          2
 Swiftness                Air            97%          0%          2
 Wereblood                Tmut           100%         0%          2
 Confusing Touch          Hex            100%         0%          3
 Conjure Flame            Conj/Fire      100%         0%          3
 Dazzling Flash           Conj/Hex       100%         0%          3
 Gell's Gravitas          Tloc           49%          0%          3
 Inner Flame              Hex/Fire       100%         0%          3
 Lesser Beckoning         Tloc           49%          0%          3
 Portal Projectile        Hex/Tloc       100%         0%          3
 Spider Form              Tmut/Pois      53%          0%          3
 Static Discharge         Conj/Air       100%         0%          3
 Stone Arrow              Conj/Erth      100%         0%          3
 Teleport Other           Tloc           99%          0%          3
 Tukima's Dance           Hex            100%         0%          3
 Leda's Liquefaction      Hex/Erth       61%          0%          4
 Petrify                  Tmut/Erth      100%         0%          4
 Bolt of Magma            Conj/Fire/Erth 57%          0%          5
 Animate Skeleton         Necr           100%         1%          1
 Freeze                   Ice            100%         1%          1
 Pain                     Necr           100%         1%          1
 Summon Small Mammal      Summ           100%         1%          1
 Call Imp                 Summ           86%          1%          2
 Corpse Rot               Necr/Air       N/A          1%          2
 Ensorcelled Hibernation  Hex/Ice        100%         1%          2
 Sublimation of Blood     Necr           29%          1%          2
 Call Canine Familiar     Summ           86%          1%          3
 Frozen Ramparts          Ice            100%         1%          3
 Ozocubu's Armour         Ice            58%          1%          3
 Summon Guardian Golem    Hex/Summ       96%          1%          3
 Vampiric Draining        Necr           29%          1%          3
 Animate Dead             Necr           29%          1%          4
 Cause Fear               Hex            52%          1%          4
 Dispel Undead            Necr           58%          1%          4
 Fulminant Prism          Conj/Hex       52%          1%          4
 Hailstorm                Conj/Ice       84%          1%          4
 Ice Form                 Ice/Tmut       82%          1%          4
 Passage of Golubria      Tloc           N/A          1%          4
 Sticky Flame             Conj/Fire      100%         1%          4
 Summon Ice Beast         Ice/Summ       73%          1%          4
 Summon Lightning Spire   Summ/Air       92%          1%          4
 Alistair's Intoxication  Tmut/Pois      70%          1%          5
 Blade Hands              Tmut           50%          1%          5
 Borgnjor's Vile Clutch   Necr/Erth      54%          1%          5
 Fireball                 Conj/Fire      50%          1%          5
 Irradiate                Conj/Tmut      51%          1%          5
 Iskenderun's Battlesphe  Conj           100%         1%          5
 Lightning Bolt           Conj/Air       50%          1%          5
 Metabolic Englaciation   Hex/Ice        42%          1%          5
 Silence                  Hex/Air        50%          1%          5
 Summon Demon             Summ           43%          1%          5
 Summon Forest            Summ/Tloc      46%          1%          5
 Summon Mana Viper        Hex/Summ       96%          1%          5
 Yara's Violent Unravell  Hex/Tmut       51%          1%          5
 Conjure Ball Lightning   Conj/Air       50%          1%          6
 Dispersal                Tloc           49%          1%          6
 Eringya's Noxious Bog    Tmut/Pois      53%          1%          6
 Freezing Cloud           Conj/Ice/Air   44%          1%          6
 Hydra Form               Tmut           50%          1%          6
 Shadow Creatures         Summ           N/A          1%          6
 Starburst                Conj/Fire      50%          1%          6
 Statue Form              Tmut/Erth      81%          1%          6
 Dragon Form              Tmut           50%          1%          7
 Orb of Destruction       Conj           51%          1%          7
 Lehudib's Crystal Spear  Conj/Erth      61%          1%          8
 Agony                    Necr           58%          2%          5
 Excruciating Wounds      Necr           29%          2%          5
 Malign Gateway           Summ/Tloc      46%          4%          7
 Monstrous Menagerie      Summ           43%          9%          7
 Summon Hydra             Summ           43%          9%          7
 Discord                  Hex            52%          9%          8
 Death Channel            Necr           29%          12%         6
 Ozocubu's Refrigeration  Ice            29%          12%         6
 Simulacrum               Ice/Necr       29%          12%         6
 Chain Lightning          Conj/Air       50%          16%         8
 Disjunction              Tloc           49%          16%         8
 Ignition                 Fire           48%          19%         8
 Haunt                    Necr/Summ      36%          24%         7
 Summon Horrible Things   Summ           43%          52%         8
 Necromutation            Tmut/Necr      41%          61%         8
 Fire Storm               Conj/Fire      50%          89%         9
 Tornado                  Air            48%          95%         9
 Borgnjor's Revivificati  Necr           29%          99%         8
 Absolute Zero            Ice            29%          100%        9
 Dragon's Call            Summ           43%          100%        9


Dungeon Overview and Level Annotations

Branches:
Dungeon (15/15)            Temple (1/1) D:7            Lair (6/6) D:9
  Swamp (4/4) Lair:3       Spider (4/4) Lair:4        Slime (0/5) Lair:6
    Orc (2/2) D:10            Elf (3/3) Orc:2        Vaults (5/5) D:13
  Crypt (3/3) Vaults:3       Tomb (0/3) Crypt:3      Depths (5/5) D:15
    Zot (4/5) Depths:5

Altars:
Ashenzari
Cheibriados
Dithmenos
Elyvilon
Fedhas
Gozag
Hepliaklqana
Kikubaaqudgha
Makhleb
Nemelex Xobeh
Okawaru
Qazlal
Ru
Sif Muna
Trog
Uskayaw
Vehumet
Wu Jian
Xom
Yredelemnul
Zin
The Shining One
Beogh
Jiyva

Shops:
D:8 *[   D:15 *(*   Orc:2 *[}?   Elf:2 ?   Vaults:1 *?   Vaults:2 *[=
Vaults:3 ?(?   Vaults:4 =   Depths:1 ==}

Portals:
Hell: Depths:1 Depths:2 Depths:3 Depths:4 Depths:5
Abyss: Depths:4
Pandemonium: Depths:2 Depths:3
Ziggurat: Depths:2

Annotations:
D:6 1 runed translucent door, Crazy Yiuf
D:8 2 transporters
D:12 3 runed translucent doors, jlumianski's ghost, journeyman GnWr
D:15 Roxanne
Orc:1 2 transporters, pablusdiablus's ghost, journeyman FoFi
Elf:2 exclusion: downstairs
Elf:3 1 runed translucent door, Jeisetewn's ghost, adept DsIE
Vaults:1 exclusions: door and downstairs
Vaults:2 8 runed translucent doors, exclusion: 2 doors, rgbqcd's ghost, veteran MiBe
Vaults:4 1 exclusion
Depths:2 1 runed translucent door, 2 transporters, Tirrikindir's ghost, adept HOFi


Innate Abilities, Weirdness & Mutations

You are very small and have problems with some larger weapons.
You are too small for most types of armour.
You have supernaturally acute eyesight. (SInv)
You cover ground extremely quickly.


Message History

You are too berserk!
Unknown command.
You are too berserk!
You completely miss the moth of wrath.
The moth of wrath is moderately wounded.
Your surroundings suddenly seem different.
Something loses its grip on you.
A green draconian comes into view. It is wielding a +0 halberd.
A purple draconian comes into view. It is wielding a +0 long sword.
A white draconian comes into view. It is wielding a +0 dire flail.
A red draconian monk comes into view.
A green draconian comes into view. It is wielding a +0 mace.
You feel a strong urge to attack something.
You feel your anger nearly subside.
You are no longer berserk.
You are exhausted.
You feel as though you will be slow longer.
The black draconian breathes lightning at you.
The bolt of lightning hits you!!
You die...

##...#....###.
#####.@(#...........
#......#............
#.....#...d.###.....≈
#....#...#..#q#.....≈k
##..#...##..###..[..≈k
#.q#..###........l.##
#..#.d# #[.........#q
#..#..# #....###kD.##
#..#..# #..kd#q#qk..8
#...d...#...k###.)...
#.....d.#...X.y......
........#############
....#..##d. #....#..#
d ###..#... #..#....


You could see a red draconian monk, a black draconian (very poisoned, catching
breath) and a red draconian scorcher (wandering).

Vanquished Creatures
  Khufu (Crypt:2)
  Mennas (Crypt:1)
  3 ancient liches
  Bai Suzhen (Depths:3)
  2 golden dragons
  A bone dragon (Crypt:3)
  Jorgrun (D:15)
  12 liches
  10 tentacled monstrosities
  Rupert (D:15)
  5 titans
  3 quicksilver dragons
  2 deep elf blademasters
  2 deep elf master archers (Elf:3)
  3 sphinxes
  A death cob (Depths:5)
  13 tengu reavers
  7 storm dragons
  An ancient champion (Vaults:3)
  A thorn hunter (Swamp:4)
  2 revenants
  Donald (Spider:4)
  Kirke (D:15)
  Agnes (D:14)
  7 shadow dragons
  A shadow dragon (shapeshifter) (Vaults:5)
  3 draconian monks
  11 deep elf sorcerers
  7 frost giants
  23 vault wardens
  4 ghost moths (Spider:4)
  Louise (Swamp:2)
  A draconian knight (Zot:1)
  4 fire giants
  4 ghouls
  2 curse skulls (Crypt:2)
  A balrug (Depths:3)
  A draconian shifter (Zot:1)
  A draconian scorcher (Zot:1)
  Aizul (Spider:4)
  5 deep elf elementalists
  A draconian stormcaller (Depths:5)
  A caustic shrike skeleton (Depths:3)
  5 emperor scorpions
  A reaper (Depths:3)
  2 spriggan defenders (Depths:4)
  6 war gargoyles
  A juggernaut zombie (Depths:3)
  22 ironheart preservers
  4 very ugly things
  10 vampire knights
  19 stone giants
  3 green draconians (Zot:1)
  2 grey draconians (Depths:5)
  8 deep elf annihilators
  A draconian annihilator (Zot:1)
  11 deep elf demonologists
  2 black draconians (Zot:1)
  4 bunyips
  4 spark wasps
  3 purple draconians
  6 red draconians
  4 yellow draconians
  2 entropy weavers (Spider:3)
  6 ettins
  7 eleionomae
  16 deep elf death magi
  9 jiangshi
  3 crystal guardians (Crypt:3)
  Josephine (D:12)
  3 deep elf high priests (Elf:3)
  2 eidola
  8 fire dragons
  3 shambling mangroves
  Erolcha (D:13)
  5 great orbs of eyes
  Fannar (Lair:2)
  22 yaktaur captains
  8 rakshasas
  32 vault guards
  4 ice dragons
  27 hydras
  An ice dragon (shapeshifter) (Vaults:5)
  10 boulder beetles
  4 catoblepae
  2 spriggan air magi
  A ghost crab (Swamp:4)
  10 centaur warriors
  63 two-headed ogres
  8 alligators
  4 death knights
  22 ogre magi
  6 vampire magi
  9 deep troll earth magi
  8 deep troll shamans
  3 death yaks (D:8)
  3 hell hogs (Depths:4)
  7 tengu warriors
  28 dancing weapons
  An orc high priest (Orc:1)
  28 deep elf knights
  5 soul eaters
  3 spriggan berserkers
  Nergalle (D:12)
  Sonja (Lair:2)
  21 hell knights
  A sixfirhy (Depths:3)
  A sun demon (Depths:2)
  A storm dragon skeleton (Crypt:1)
  22 skeletal warriors
  3 titan skeletons
  6 iron trolls
  5 shadow wraiths
  2 golden dragon zombies
  4 unseen horrors
  5 goliath frogs
  A deep troll (shapeshifter) (D:13)
  2 spark wasp zombies
  14 swamp dragons
  3 glowing orange brains
  5 flayed ghosts
  3 spriggan druids
  13 bog bodies
  4 wizards
  36 deep trolls
  A shadow dragon zombie (Crypt:3)
  The ghost of Toast5 the Chopper, a novice GrFi (D:6)
  A sphinx zombie (Vaults:1)
  24 deep elf archers
  2 glowing orange brains (shapeshifter)
  21 ironbrand convokers
  A lindwurm (shapeshifter) (Vaults:3)
  2 golden dragon skeletons
  4 harpies
  8 phantasmal warriors
  39 wolf spiders
  9 orc knights
  18 necromancers
  18 orb spiders
  90 deep elf magi
  A will-o-the-wisp (Swamp:4)
  3 fire giant zombies (Depths:3)
  7 cyclopes
  A shadow dragon skeleton (Crypt:2)
  A manticore (D:14)
  53 ugly things
  A fire giant skeleton (Depths:3)
  A sphinx skeleton (Vaults:1)
  7 moths of wrath
  3 orc sorcerers
  2 salamanders (shapeshifter)
  A moth of wrath (shapeshifter) (Vaults:5)
  5 elephants (Lair:4)
  Maurice (D:13)
  22 vault sentinels
  A guardian serpent (shapeshifter) (D:13)
  3 elf zombies (Depths:3)
  A torpor snail (shapeshifter) (Vaults:4)
  Joseph (D:7)
  4 black mambas
  A torpor snail (Lair:6)
  8 cane toads
  2 spriggan skeletons
  A shock serpent skeleton (Crypt:3)
  5 centaur skeletons
  6 gargoyles
  A green draconian zombie (Crypt:1)
  A smoke demon (Depths:3)
  2 yaktaur zombies
  A rime drake (Lair:3)
  A yaktaur (shapeshifter) (Depths:1)
  10 demonic crawlers
  A sea snake skeleton (Crypt:1)
  4 komodo dragons
  A tormentor (Depths:2)
  11 freezing wraiths
  57 yaktaurs
  4 tengu conjurers
  2 hellwings
  2 bloated husks
  6 meliai
  A hydra zombie (Crypt:3)
  2 wind drakes (shapeshifter)
  A shadow dragon simulacrum (Depths:3)
  6 trolls
  40 jumping spiders
  50 hornets
  2 tyrant leeches
  6 blink frogs
  A dream sheep (Lair:6)
  2 sphinx simulacra (Depths:3)
  8 polar bears
  23 slime creatures
  2 meliai zombies
  A stone giant simulacrum (Depths:3)
  2 hydra skeletons
  A boulder beetle zombie (Crypt:1)
  A frost giant simulacrum (Vaults:2)
  A blink frog (shapeshifter) (Depths:1)
  An ice dragon zombie (Crypt:3)
  An ettin zombie (Vaults:2)
  A vampire (D:9)
  Sigmund (D:3)
  61 redbacks
  34 spriggans
  9 wraiths
  2 shadows
  3 air elementals (Elf:1)
  43 flying skulls
  9 wyverns
  34 tarantellas
  Eustachio (D:4)
  An ice dragon skeleton (Vaults:1)
  3 chaos spawn
  7 water elementals
  34 yaks
  A yak (shapeshifter) (Vaults:5)
  A human (D:10)
  2 tarantellas (shapeshifter)
  A hog (shapeshifter) (Vaults:2)
  A human (shapeshifter) (Vaults:3)
  A basilisk (Lair:2)
  2 steam dragons
  An elf simulacrum (Depths:3)
  A yaktaur simulacrum (Vaults:2)
  4 fire elementals
  7 vampire mosquitoes (D:12)
  A gelid demonspawn zombie (Crypt:2)
  An infernal demonspawn zombie (Crypt:2)
  Edmund (D:6)
  8 wargs
  2 human zombies
  A naga (shapeshifter) (Depths:3)
  A glowing shapeshifter zombie (Crypt:2)
  11 water moccasins
  12 swamp worms
  8 acid dragons
  A swamp worm (shapeshifter) (Vaults:5)
  A cane toad skeleton (Crypt:1)
  A deep troll skeleton (Vaults:2)
  7 hell hounds (Depths:4)
  29 orc warriors
  An eye of draining (D:12)
  5 ice beasts
  10 swamp drakes
  An ice beast (shapeshifter) (Vaults:1)
  2 sky beasts (shapeshifter)
  2 black bears (shapeshifter) (D:15)
  4 black bears
  A snapping turtle zombie (Crypt:3)
  A spriggan simulacrum (Depths:3)
  A sky beast (D:12)
  11 necrophages
  3 phantoms
  25 boggarts
  77 ogres
  42 wolves
  5 elf skeletons
  A rime drake zombie (Crypt:1)
  12 centaurs
  12 big kobolds
  Blork the orc (D:5)
  15 bullfrogs
  5 earth elementals
  A glowing shapeshifter simulacrum (Depths:3)
  2 wyvern skeletons (D:14)
  A scorpion (shapeshifter) (Vaults:5)
  4 scorpions
  14 killer bees
  A spriggan zombie (Crypt:2)
  A human simulacrum (Vaults:1)
  A yak skeleton (Crypt:2)
  15 wights
  9 electric eels
  A howler monkey (shapeshifter) (Vaults:1)
  3 crimson imps
  2 quasits
  3 bullfrog zombies
  8 hounds
  9 jellies
  3 centaur zombies
  5 gnoll shamans (D:10)
  17 orc priests
  3 iguanas
  28 orc wizards
  6 bullfrog skeletons
  An iron imp (Depths:3)
  A hell rat (D:9)
  12 worker ants
  Terence (D:3)
  3 mummies (Crypt:2)
  Robin (D:3)
  2 howler monkey zombies
  A worker ant zombie (D:10)
  14 gnolls
  17 adders
  2 river rats (D:9)
  4 shadow imps
  16 white imps
  4 ufetubi
  14 oozes
  3 adder zombies
  A worm zombie (Crypt:1)
  An adder skeleton (D:4)
  4 worms
  4 leopard geckos
  105 orcs
  6 bats
  A bat zombie (Crypt:1)
  2 giant cockroaches
  2 gnoll zombies
  11 goblins
  3 hobgoblins
  2 jackals (D:1)
  16 kobolds
  6 quokkas
  A ball python (D:2)
  A frilled lizard (D:1)
  2 hobgoblin skeletons (Crypt:2)
  An orc skeleton (Crypt:3)
  2 quokka skeletons
  14 rats
  A rat zombie (Crypt:2)
2456 creatures vanquished.

Vanquished Creatures (collateral kills)
  A death cob (Zot:3)
  A jiangshi (Crypt:1)
  A hornet (Spider:4)
3 creatures vanquished.

Vanquished Creatures (others)
  A death cob (Zot:3)
  A deep elf death mage (Depths:3)
  A wizard (D:6)
  A bloated husk (Swamp:1)
  3 humans (D:15)
  An orc warrior (Vaults:1)
  An orc wizard (D:15)
  An orc (D:15)
  3 bushes (D:8)
  1195 foxfires
  75 fungi
  87 plants
1370 creatures vanquished.

Grand Total: 3829 creatures vanquished

Notes
Turn   | Place    | Note
-------+----------+-------------------------------------------
     0 | D:1      | chaostorm the Spriggan Venom Mage began the quest for the
                  | Orb.
     0 | D:1      | Reached XP level 1. HP: 9/9 MP: 5/5
   429 | D:1      | Reached XP level 2. HP: 13/13 MP: 4/6
   874 | D:2      | Reached skill level 3 in Spellcasting
  1097 | D:2      | Reached XP level 3. HP: 16/16 MP: 5/8
  1155 | D:2      | Found a faded altar of an unknown god.
  1899 | D:3      | Reached XP level 4. HP: 21/21 MP: 7/10
  1973 | D:3      | Found a sparkling altar of Nemelex Xobeh.
  2132 | D:3      | Learned a level 2 spell: Poisonous Vapours
  2136 | D:3      | Learned a level 3 spell: Ignite Poison
  2503 | D:3      | Found a blossoming altar of Fedhas.
  2755 | D:3      | Noticed Sigmund
  2803 | D:3      | Noticed Terence
  2819 | D:3      | Killed Terence
  2877 | D:3      | Found a radiant altar of Vehumet.
  2905 | D:3      | Killed Sigmund
  2906 | D:3      | Reached skill level 4 in Spellcasting
  2906 | D:3      | Reached XP level 5. HP: 24/24 MP: 2/12
  2906 | D:3      | Reached XP level 6. HP: 28/28 MP: 2/13
  3617 | D:3      | Noticed Robin
  3804 | D:3      | Killed Robin
  3805 | D:3      | Reached skill level 5 in Stealth
  3979 | D:3      | Found a blossoming altar of Fedhas.
  4027 | D:3      | Found a radiant altar of Vehumet.
  4330 | D:3      | Found a sparkling altar of Nemelex Xobeh.
  4978 | D:4      | Reached skill level 5 in Dodging
  5351 | D:4      | Reached XP level 7. HP: 32/32 MP: 6/14
  5457 | D:4      | Reached skill level 5 in Poison Magic
  5545 | D:4      | Learned a level 1 spell: Magic Dart
  5648 | D:4      | Reached skill level 1 in Conjurations
  5757 | D:4      | Found a burning altar of Makhleb.
  5887 | D:4      | Found a shimmering altar of Xom.
  5920 | D:4      | Found an opulent altar of Gozag.
  5920 | D:4      | Found a sparkling altar of Nemelex Xobeh.
  5937 | D:4      | Learned a level 3 spell: Mephitic Cloud
  5967 | D:5      | Entered Level 5 of the Dungeon
  6258 | D:4      | Found a sparkling altar of Nemelex Xobeh.
  6259 | D:4      | Found an opulent altar of Gozag.
  6351 | D:5      | Noticed Eustachio
  6714 | D:4      | Found a burning altar of Makhleb.
  6715 | D:4      | Found a shimmering altar of Xom.
  6971 | D:4      | Killed Eustachio
  7694 | D:5      | Reached XP level 8. HP: 37/37 MP: 3/15
  8804 | D:5      | Reached skill level 5 in Conjurations
  9417 | D:5      | Reached skill level 1 in Air Magic
  9722 | D:6      | Noticed Blork the orc
  9735 | D:5      | Killed Blork the orc
  9736 | D:5      | Reached skill level 1 in Fire Magic
  9792 | D:6      | Found a runed translucent gate.
  9794 | D:6      | Found a runed translucent gate.
  9795 | D:6      | Found a runed translucent gate.
  9798 | D:6      | Noticed Toast5's ghost (novice GrFi)
  9798 | D:6      | Identified the +10 whip of Insufficient Pleasure {elec,
                  | rElec rC+ Str+4 Dex-2}
 10111 | D:6      | Noticed Edmund
 10115 | D:6      | Killed Edmund
 10116 | D:6      | Reached skill level 5 in Spellcasting
 10939 | D:6      | Reached skill level 5 in Transmutations
 10939 | D:6      | Reached XP level 9. HP: 40/40 MP: 7/17
 11521 | D:6      | Got an ichor-stained hunting sling
 11522 | D:6      | Identified the +8 hunting sling "Denin" {freeze, rF- rC+
                  | Int+3 Dex+5} (You found it on level 6 of the Dungeon)
 12218 | D:6      | Found a bloodstained altar of Trog.
 12221 | D:6      | Noticed a wizard
 12230 | D:6      | Killed a wizard
 12322 | D:6      | Found a runed translucent door.
 12323 | D:6      | Noticed Crazy Yiuf
 12554 | D:6      | Learned a level 4 spell: Olgreb's Toxic Radiance
 12559 | D:6      | Learned a level 4 spell: Iskenderun's Mystic Blast
 12846 | D:6      | Found a runed translucent door.
 13090 | D:6      | Found a bloodstained altar of Trog.
 13476 | D:7      | Noticed Joseph
 13616 | D:7      | Killed Joseph
 13617 | D:7      | Reached skill level 6 in Spellcasting
 14126 | D:7      | Found a glowing silver altar of Zin.
 14328 | D:7      | Reached skill level 1 in Translocations
 14829 | D:7      | Found a hazy altar of Hepliaklqana.
 14904 | D:7      | Found a bloodstained altar of Trog.
 15303 | D:7      | Found a stormy altar of Qazlal.
 15369 | D:7      | Found a staircase to the Ecumenical Temple.
 15377 | Temple   | Entered the Ecumenical Temple
 15658 | Temple   | Became a worshipper of Sif Muna the Loreminder
 15944 | D:8      | Found a transporter.
 16091 | D:8      | Found Bocofuh's Antique Armour Shop.
 16686 | D:8      | Reached XP level 10. HP: 44/44 MP: 4/20
 16792 | D:8      | Found Gozag's Platinum Reserve.
 16796 | D:8      | Found an opulent altar of Gozag.
 16823 | D:8      | Found a hazy altar of Hepliaklqana.
 16872 | D:8      | Learned a level 2 spell: Searing Ray
 17654 | D:8      | Found a transporter.
 18112 | D:9      | Noticed a death yak
 18239 | D:9      | Noticed a death yak
 18239 | D:9      | Noticed a death yak
 18263 | D:8      | Killed a death yak
 18502 | D:8      | Killed a death yak
 18503 | D:8      | Reached skill level 7 in Spellcasting
 18514 | D:8      | Killed a death yak
 18716 | D:9      | Found a staircase to the Lair.
 18873 | D:9      | Noticed a green ugly thing
 19060 | D:9      | Found a broken altar of Ashenzari.
 19069 | D:9      | Noticed a two-headed ogre
 19112 | D:9      | Killed a two-headed ogre
 19113 | D:9      | Reached skill level 5 in Translocations
 20329 | D:9      | Learned a level 3 spell: Gell's Gravitas
 20595 | D:9      | Found a sacrificial altar of Ru.
 20947 | D:10     | Entered Level 10 of the Dungeon
 21109 | D:10     | Noticed an unseen horror
 21441 | Lair:1   | Entered Level 1 of the Lair of Beasts
 21465 | Lair:1   | Reached * piety under Sif Muna
 21466 | Lair:1   | Reached XP level 11. HP: 48/48 MP: 7/23
 22289 | Lair:1   | Reached skill level 5 in Air Magic
 23011 | Lair:1   | Reached skill level 8 in Spellcasting
 23815 | Lair:2   | Found a gate leading to a gauntlet.
 23819 | Lair:2   | Noticed Sonja
 23825 | Lair:2   | Killed Sonja
 24178 | Lair:2   | Noticed Fannar
 24712 | Lair:2   | Reached skill level 5 in Fire Magic
 24803 | Lair:2   | Killed Fannar
 25689 | Lair:3   | Reached skill level 9 in Spellcasting
 25888 | Lair:3   | Noticed a four-headed hydra
 25966 | Lair:3   | Killed a four-headed hydra
 25967 | Lair:3   | Reached skill level 1 in Fighting
 25967 | Lair:3   | Reached skill level 10 in Poison Magic
 25967 | Lair:3   | Reached XP level 12. HP: 53/53 MP: 22/26
 27008 | Lair:3   | Reached ** piety under Sif Muna
 27194 | Lair:3   | Reached skill level 1 in Slings
 27714 | Lair:3   | Noticed a six-headed hydra
 27727 | Lair:3   | Killed a six-headed hydra
 28425 | Lair:3   | Found a staircase to the Swamp.
 29023 | Lair:3   | Found a staircase to the Swamp.
 29984 | Lair:4   | Noticed an eight-headed hydra
 30022 | Lair:3   | Killed an eight-headed hydra
 30323 | Lair:4   | Got an ichor-stained broad axe
 30324 | Lair:4   | Identified the +8 broad axe of Fortitude {freeze, +Rage rF-
                  | Str+4 Int+3} (You found it on level 4 of the Lair of
                  | Beasts)
 30491 | Lair:4   | Found a glowing silver altar of Zin.
 30956 | Lair:4   | Found a hole to the Spider Nest.
 31022 | Lair:4   | Found a hole to the Spider Nest.
 31066 | Lair:4   | Found a glowing silver altar of Zin.
 31436 | Lair:5   | Noticed a catoblepas
 31466 | Lair:5   | Reached skill level 10 in Spellcasting
 32491 | Lair:4   | Found a hole to the Spider Nest.
 32518 | Lair:5   | Reached *** piety under Sif Muna
 32996 | Lair:4   | Found a glowing silver altar of Zin.
 33613 | Lair:5   | Killed a catoblepas
 33668 | Lair:5   | Noticed a catoblepas
 33813 | Lair:5   | Killed a catoblepas
 34231 | Lair:6   | Entered Level 6 of the Lair of Beasts
 34401 | Lair:6   | Reached XP level 13. HP: 61/61 MP: 10/28
 34611 | Lair:6   | Found a viscous altar of Jiyva.
 34612 | Lair:6   | Found a staircase to the Slime Pits.
 34633 | Lair:6   | Reached skill level 5 in Slings
 35583 | Lair:6   | Reached skill level 5 in Fighting
 36172 | Lair:6   | Reached **** piety under Sif Muna
 36540 | Lair:6   | Reached skill level 11 in Spellcasting
 38816 | D:9      | Found a staircase to the Lair.
 38952 | D:9      | Found a broken altar of Ashenzari.
 39287 | D:9      | Found a hide-covered altar of Uskayaw.
 39311 | D:9      | Found a sacrificial altar of Ru.
 40520 | D:10     | Found a staircase to the Orcish Mines.
 40604 | D:10     | Reached ***** piety under Sif Muna
 41134 | D:10     | Received a gift from Sif Muna
 42675 | D:10     | Learned a level 1 spell: Foxfire
 42839 | D:10     | Reached skill level 1 in Shields
 43299 | D:10     | Learned a level 2 spell: Passwall
 43448 | D:11     | Learned a level 1 spell: Apportation
 43455 | D:11     | Learned a level 6 spell: Invisibility
 44320 | D:11     | Reached XP level 14. HP: 72/72 MP: 14/30
 44604 | D:11     | Reached skill level 1 in Hexes
 47432 | D:12     | Found a runed translucent gate.
 47432 | D:12     | Found a runed translucent gate.
 47432 | D:12     | Found a runed translucent gate.
 47434 | D:12     | Noticed jlumianski's ghost (journeyman GnWr)
 48174 | D:12     | Noticed Josephine
 48261 | D:12     | Identified Sif Muna's Volume of Twisted Ignition (Sif Muna
                  | gifted it to you on level 12 of the Dungeon)
 48261 | D:12     | Received a gift from Sif Muna
 48339 | D:12     | Learned a level 2 spell: Blink
 48621 | D:12     | Killed Josephine
 49300 | D:12     | Noticed Nergalle
 49304 | D:12     | Killed Nergalle
 49305 | D:12     | Reached skill level 12 in Spellcasting
 50902 | D:13     | Found a gate to the Vaults.
 51169 | D:13     | Noticed a frost giant
 51319 | D:13     | Noticed Erolcha
 51324 | D:13     | Killed Erolcha
 51441 | D:13     | Noticed Maurice
 51444 | D:13     | Reached skill level 5 in Shields
 51446 | D:13     | Killed Maurice
 51681 | D:13     | Reached skill level 1 in Armour
 52230 | D:13     | Killed a frost giant
 52652 | D:13     | Noticed a ghost moth
 52652 | D:13     | an ettin changed into a ghost moth
 52659 | D:13     | a ghost moth changed into a glowing shapeshifter
 52668 | D:13     | Noticed a sphinx
 52771 | D:13     | Paralysed by a sphinx for 3 turns
 52778 | D:13     | Killed a sphinx
 52971 | D:14     | Noticed Agnes
 53222 | D:14     | Found Fanleonoudd's Book Boutique.
 53807 | D:14     | Found a glowing golden altar of the Shining One.
 54112 | D:14     | Reached skill level 5 in Armour
 55435 | D:14     | Reached XP level 15. HP: 63/77 MP: 1/32
 55749 | D:14     | Killed Agnes
 56129 | D:15     | Entered Level 15 of the Dungeon
 56256 | D:15     | Found Jidozej's Antique Weapon Boutique.
 56797 | D:15     | Found a frozen archway.
 56855 | D:15     | Identified Mippahoc's Grimoire of Ensnaring Air (Sif Muna
                  | gifted it to you on level 15 of the Dungeon)
 56855 | D:15     | Received a gift from Sif Muna
 56978 | D:15     | Found a stormy altar of Qazlal.
 57025 | D:15     | Noticed Rupert
 57354 | D:15     | Killed Rupert
 57462 | D:15     | Noticed Roxanne
 57524 | D:15     | Noticed Kirke
 57833 | D:15     | Found Sesie's Assorted Antiques.
 57906 | D:15     | Found Joacack's Assorted Antiques.
 57949 | D:15     | Bought a scroll labelled JEVVABB ZOQEASK for 29 gold pieces
 57949 | D:15     | Bought a scroll of enchant armour for 217 gold pieces
 58294 | D:15     | Reached skill level 10 in Stealth
 58460 | D:15     | Noticed Jorgrun
 58499 | D:15     | Killed Jorgrun
 58810 | D:15     | Killed Kirke
 59451 | D:15     | Found a staircase to the Depths.
 59913 | D:15     | Found Jidozej's Antique Weapon Boutique.
 60349 | D:15     | Found Jidozej's Antique Weapon Boutique.
 60398 | D:15     | Found Joacack's Assorted Antiques.
 60523 | D:15     | Found Sesie's Assorted Antiques.
 60526 | D:15     | Reached skill level 1 in Earth Magic
 60723 | D:15     | Found a stormy altar of Qazlal.
 60830 | D:15     | Found a staircase to the Depths.
 61255 | Orc:1    | Entered Level 1 of the Orcish Mines
 61467 | Orc:1    | You fall into a shaft and drop 1 floor!
 61467 | Orc:2    | Entered Level 2 of the Orcish Mines
 61473 | Orc:2    | Found a staircase to the Elven Halls.
 61964 | Orc:1    | Found a transporter.
 61965 | Orc:1    | Noticed pablusdiablus's ghost (journeyman FoFi)
 61986 | Orc:1    | Identified the +3 great mace "Vipsosyu" {vorpal, rF+ Str+4}
 61986 | Orc:1    | Identified the +7 great mace of the Witching Queen {flame,
                  | +Inv}
 61992 | Orc:1    | Found a transporter.
 62766 | Orc:1    | Reached skill level 13 in Spellcasting
 63137 | Orc:1    | Found a roughly hewn altar of Beogh.
 63615 | Orc:2    | Identified Roiqap's Handbook of Evil Ignition (Sif Muna
                  | gifted it to you on level 2 of the Orcish Mines)
 63615 | Orc:2    | Received a gift from Sif Muna
 64537 | Orc:2    | Found Eleepidu's Magic Scroll Shop.
 64537 | Orc:2    | Found Cicu's Antique Armour Emporium.
 64537 | Orc:2    | Found Seinti's Gadget Emporium.
 64537 | Orc:2    | Found Ruleomi's General Store.
 64618 | Orc:2    | Bought a scroll of identify for 32 gold pieces
 64619 | Orc:2    | Bought an embroidered hat for 196 gold pieces
 64625 | Orc:2    | Bought a scroll of remove curse for 39 gold pieces
 64625 | Orc:2    | Bought a scroll of remove curse for 39 gold pieces
 65298 | Swamp:1  | Entered Level 1 of the Swamp
 65303 | Swamp:1  | Reached skill level 10 in Dodging
 65399 | Swamp:1  | Reached skill level 5 in Earth Magic
 65399 | Swamp:1  | Reached XP level 16. HP: 81/81 MP: 22/34
 66267 | Spider:1 | Entered Level 1 of the Spider Nest
 68097 | Spider:1 | Received a gift from Sif Muna
 70253 | Spider:2 | Got a brightly glowing iron ring
 70255 | Spider:2 | Identified the ring "Toitarr" {Ice *Contam +Blink Dex+5}
                  | (You found it on level 2 of the Spider Nest)
 71911 | Lair:4   | Learned a level 5 spell: Lee's Rapid Deconstruction
 74750 | Spider:3 | Reached skill level 10 in Earth Magic
 76853 | Spider:4 | Entered Level 4 of the Spider Nest
 77524 | Spider:4 | Noticed Donald
 77797 | Spider:4 | Killed Donald
 77914 | Spider:4 | Identified Sif Muna's Tome of Transmigration (Sif Muna
                  | gifted it to you on level 4 of the Spider Nest)
 77914 | Spider:4 | Received a gift from Sif Muna
 77915 | Spider:4 | Reached XP level 17. HP: 74/85 MP: 23/35
 81024 | Swamp:2  | Noticed Louise
 81045 | Swamp:2  | Killed Louise
 81662 | Swamp:2  | Reached skill level 14 in Spellcasting
 82044 | Swamp:2  | Learned a level 6 spell: Iron Shot
 85634 | Swamp:4  | Entered Level 4 of the Swamp
 88583 | Swamp:4  | Identified Sif Muna's Guide on Aerial Malediction (Sif Muna
                  | gifted it to you on level 4 of the Swamp)
 88583 | Swamp:4  | Received a gift from Sif Muna
 89054 | Swamp:3  | Reached XP level 18. HP: 60/92 MP: 19/37
 89770 | Swamp:4  | Reached skill level 15 in Spellcasting
 90328 | Swamp:4  | Got a decaying rune of Zot
 91979 | Spider:4 | Noticed Aizul
 91996 | Spider:4 | Killed Aizul
 93799 | D:15     | Bought an ebony short sword for 240 gold pieces
 93799 | D:15     | Identified the +7 short sword of the Goat {vorpal, rPois
                  | Int+4} (You bought it in a shop on level 15 of the Dungeon)
 95315 | Spider:4 | Paralysed by a hornet for 2 turns
 95955 | Orc:2    | Bought a wand of acid (10) for 336 gold pieces
 95955 | Orc:2    | Bought a wand of acid (9) for 312 gold pieces
 96803 | Spider:4 | Got a gossamer rune of Zot
 97150 | Elf:1    | Entered Level 1 of the Elven Halls
 97157 | Elf:1    | Reached skill level 10 in Fighting
 97930 | Elf:1    | Got a wizard robe
 97969 | Orc:2    | Identified the +0 robe "Gookk" {Regen+ Str+2 Dex+4} (You
                  | found it on level 1 of the Elven Halls)
 99137 | Elf:1    | Identified Sif Muna's Guide on Excruciating Transformation
                  | (Sif Muna gifted it to you on level 1 of the Elven Halls)
 99137 | Elf:1    | Received a gift from Sif Muna
 99995 | Elf:1    | Identified the Tome of Creative Attacks
100895 | Elf:2    | Reached skill level 16 in Spellcasting
100988 | Elf:2    | Reached skill level 15 in Earth Magic
101652 | Elf:2    | Found a runed translucent gate.
101654 | Elf:2    | Found a runed translucent gate.
101655 | Elf:2    | Found a runed translucent gate.
101705 | Elf:2    | Found Taus's Magic Scroll Shop.
101714 | Elf:2    | Bought a scroll of acquirement for 884 gold pieces
102232 | Vaults:1 | Entered Level 1 of the Vaults
102973 | Vaults:1 | Reached XP level 19. HP: 68/99 MP: 24/40
106006 | Vaults:1 | Found Utesom's Magic Scroll Emporium.
106014 | Vaults:1 | Bought a scroll of magic mapping for 52 gold pieces
106869 | Vaults:1 | Identified Sif Muna's Tome of Destructive Clay (Sif Muna
                  | gifted it to you on level 1 of the Vaults)
106869 | Vaults:1 | Received a gift from Sif Muna
108088 | Vaults:1 | Found Hatownov's General Store.
108094 | Vaults:1 | Bought a potion of mutation for 104 gold pieces
109063 | D:6      | Killed Toast5's ghost
111864 | Elf:3    | Entered Level 3 of the Elven Halls
111882 | Elf:3    | Reached skill level 17 in Spellcasting
112069 | Elf:3    | Found a runed translucent door.
112580 | Elf:2    | Acquired the ring of Ashenzari's Fury {rElec Will++ Str+2
                  | Int-5 Dex+6}
113184 | Elf:3    | Found a shimmering altar of Xom.
113184 | Elf:3    | Noticed Jeisetewn's ghost (adept DsIE)
114540 | Elf:3    | Reached XP level 20. HP: 105/105 MP: 27/42
114907 | Elf:3    | Identified Nireska's Compendium of Dislocation and Creation
                  | (Sif Muna gifted it to you on level 3 of the Elven Halls)
114907 | Elf:3    | Received a gift from Sif Muna
115445 | Elf:3    | Identified the +3 fire dragon scales "Bouwk" {rF++ rC-
                  | rN+++ Str-3 Int-5 Stlth+}
115849 | Elf:3    | Identified the +8 ring mail of the Zebra {rC+ Dex+4}
115890 | Elf:3    | Identified the +4 mace "Rolots" {freeze, +Inv Str+4}
116015 | Elf:3    | Identified the +1 scimitar of Deanauzujo {antimagic, rPois}
116148 | Elf:3    | Identified the +5 trident of Wukk {vorpal, rN+ Will+ Dex-4}
117269 | Elf:3    | Identified the +11 rapier "Ykhept" {antimagic, rPois Str+4}
117426 | Elf:3    | Identified the cursed ring "Woigiom" {rF+ EV-4}
117615 | Elf:3    | Got a slimy hunting sling
117706 | Elf:3    | Identified Utacikop's Guide on Supportive Poison
117747 | Elf:3    | Identified the Handbook of Evil Arts and the Frostbite
117841 | Elf:3    | Identified the +6 hunting sling of Misery {freeze, *Corrode
                  | rF+ MP+9} (You found it on level 3 of the Elven Halls)
118545 | D:11     | Got a polished flail
118546 | D:11     | Identified the +5 flail of Anwaas {antimagic, rF+ MP+9
                  | Int-5} (You found it on level 11 of the Dungeon)
120057 | Vaults:2 | Found a large runed translucent door.
120057 | Vaults:2 | Found a large runed translucent door.
120057 | Vaults:2 | Found a large runed translucent door.
120057 | Vaults:2 | Found a large runed translucent door.
120058 | Vaults:2 | Found a large runed translucent door.
120058 | Vaults:2 | Found a large runed translucent door.
120058 | Vaults:2 | Noticed rgbqcd's ghost (veteran MiBe)
120062 | Vaults:2 | Found a large runed translucent door.
120062 | Vaults:2 | Found a large runed translucent door.
120911 | Vaults:2 | Identified Sif Muna's Compendium of Confrontation (Sif Muna
                  | gifted it to you on level 2 of the Vaults)
120911 | Vaults:2 | Received a gift from Sif Muna
121656 | Vaults:1 | Reached skill level 1 in Invocations
122436 | Vaults:2 | Found Zaix's General Store.
122440 | Vaults:2 | Reached skill level 5 in Invocations
122466 | Vaults:2 | Reached XP level 21. HP: 109/109 MP: 13/43
122602 | Vaults:2 | Found Neamac's Armour Emporium.
122818 | Vaults:2 | Found Uwiapp's Jewellery Emporium.
122827 | Vaults:2 | Bought a ring of the Octopus King {rC+ AC+1 EV+1 Str+1
                  | Int+1 Dex+1} for 653 gold pieces
122827 | Vaults:2 | Found the ring of the Octopus King {rC+ AC+1 EV+1 Str+1
                  | Int+1 Dex+1}
123557 | Vaults:2 | Learned a level 9 spell: Shatter
124276 | Vaults:2 | Reached skill level 5 in Hexes
125715 | Vaults:3 | Reached skill level 18 in Spellcasting
125753 | Vaults:3 | Reached skill level 1 in Evocations
126704 | Vaults:3 | Found Ojofesir's Magic Scroll Boutique.
126893 | Vaults:3 | Found a staircase to the Crypt.
126893 | Vaults:3 | Found an ancient bone altar of Kikubaaqudgha.
126893 | Vaults:3 | Found a basalt altar of Yredelemnul.
127186 | Vaults:3 | Found Wushuh's Antique Weapon Emporium.
128314 | Vaults:3 | Found Dotemocu's Magic Scroll Shop.
128336 | Vaults:3 | Bought a scroll of magic mapping for 56 gold pieces
128336 | Vaults:3 | Bought a scroll of blinking for 120 gold pieces
128758 | Vaults:3 | Learned a level 7 spell: Spellforged Servitor
129498 | Vaults:4 | Reached skill level 5 in Evocations
129498 | Vaults:4 | Reached XP level 22. HP: 96/114 MP: 33/45
130002 | Vaults:4 | Acquired an uncursed amulet of the acrobat
130498 | Spider:2 | Got a masterwork morningstar
130499 | Spider:2 | Identified the cursed +1 morningstar of Lutzofy {vorpal,
                  | *Noise rPois Int+8 Dex+3} (You found it on level 2 of the
                  | Spider Nest)
132604 | Vaults:4 | Found Cuzab's Jewellery Shop.
133377 | Depths:1 | Entered Level 1 of the Depths
134085 | Depths:1 | Reached skill level 10 in Invocations
134359 | Depths:1 | Identified Syff's Grimoire of Nocuous Conjuration (Sif Muna
                  | gifted it to you on level 1 of the Depths)
134359 | Depths:1 | Received a gift from Sif Muna
134370 | Depths:1 | Reached skill level 19 in Spellcasting
135454 | Depths:1 | Reached skill level 10 in Hexes
136605 | Depths:1 | Found Vicahaer's Gadget Shop.
136605 | Depths:1 | Found Yrexe's Jewellery Shoppe.
136606 | Depths:1 | Found Nonax's Jewellery Shoppe.
136622 | Depths:1 | Bought the ring "Weak Urufi" {Wiz rF+ Str-3 Dex+3 Slay+5}
                  | for 910 gold pieces
136680 | Depths:1 | Found a gateway to Hell.
137081 | Depths:1 | Reached skill level 1 in Summonings
137472 | Depths:2 | Found a runed translucent door.
137476 | Depths:2 | Found a shimmering altar of Xom.
137476 | Depths:2 | Noticed Tirrikindir's ghost (adept HOFi)
137798 | Depths:2 | Identified the +6 broad axe of Geilufon {chaos, rElec}
137802 | Depths:2 | Found a transporter.
138894 | Depths:2 | Found a gateway to a ziggurat.
138974 | Depths:2 | Found a transporter.
139788 | Depths:2 | Found a one-way gate leading to the halls of Pandemonium.
140730 | Depths:3 | Reached XP level 23. HP: 118/118 MP: 12/47
140980 | Depths:3 | Learned a level 4 spell: Airstrike
141123 | Depths:3 | Noticed Bai Suzhen
141350 | Depths:3 | Killed Bai Suzhen
142616 | Depths:3 | Noticed an ancient lich
143229 | Depths:3 | Killed an ancient lich
143230 | Depths:3 | Reached skill level 20 in Spellcasting
143790 | Depths:3 | Found an ancient bone altar of Kikubaaqudgha.
144859 | Depths:3 | Reached skill level 5 in Summonings
146418 | Depths:4 | Found a one-way gate to the infinite horrors of the Abyss.
147619 | Depths:4 | Identified the amulet of the Augurer {RegenMP Will- Str+5
                  | Int+4}
148054 | Crypt:1  | Entered Level 1 of the Crypt
148654 | Crypt:1  | Noticed Mennas
148917 | Crypt:1  | Killed Mennas
149309 | Crypt:1  | Identified Sif Muna's Reference Book on the Glacial
                  | Arsonist (Sif Muna gifted it to you on level 1 of the
                  | Crypt)
149309 | Crypt:1  | Received a gift from Sif Muna
149696 | Crypt:1  | Reached skill level 21 in Spellcasting
152336 | Crypt:2  | Noticed Khufu
153160 | Crypt:2  | Killed Khufu
153161 | Crypt:2  | Reached XP level 24. HP: 109/122 MP: 11/49
154302 | Crypt:3  | Entered Level 3 of the Crypt
155334 | Crypt:3  | Reached skill level 22 in Spellcasting
155464 | Crypt:3  | Found a staircase to the Tomb.
155726 | Crypt:3  | Identified Sif Muna's Arcane Secrets of Casting (Sif Muna
                  | gifted it to you on level 3 of the Crypt)
155726 | Crypt:3  | Received a gift from Sif Muna
156020 | Crypt:3  | Identified the ring of Urael {rElec rN+ Slay-5 Stlth+}
156270 | Crypt:3  | Identified the amulet "Raiq" {Regen+ MP+9 Dex+5}
156465 | Crypt:3  | Noticed an ancient lich
156534 | Crypt:3  | Killed an ancient lich
156754 | Crypt:3  | Found an ancient bone altar of Kikubaaqudgha.
156938 | Crypt:3  | Got a scintillating tin amulet
156940 | Crypt:3  | Got a jewelled spear
156941 | Crypt:3  | Identified the +5 spear of Symmetry {vorpal, rC- Dex+7 SInv
                  | Stlth+} (You found it on level 3 of the Crypt)
156943 | Crypt:3  | Identified the amulet of Trepidation {Regen+ Str+3} (You
                  | found it on level 3 of the Crypt)
157645 | Crypt:3  | Found an ancient bone altar of Kikubaaqudgha.
157877 | Crypt:3  | Found a staircase to the Tomb.
159622 | Depths:4 | Identified the cursed ring of Nihilism {rElec rN+ Int-4
                  | Dex-4}
159706 | Depths:4 | Got a glittering platinum ring
159707 | Depths:4 | Identified the ring of Disaster {Int+2 SInv} (You found it
                  | on level 4 of the Depths)
159746 | Depths:4 | Identified the ring "Nezet" {rN+ Will+ Dex+4}
160504 | Depths:5 | Entered Level 5 of the Depths
161997 | Depths:5 | Received a gift from Sif Muna
162054 | Depths:5 | Reached XP level 25. HP: 114/130 MP: 12/50
162251 | Depths:5 | Found a portal to a secret trove of treasure.
162402 | Depths:5 | You paid a toll of +3 fire dragon scales to enter a
                  | treasure trove
162403 | Trove    | Entered a treasure trove
162409 | Trove    | Found the +5 robe of Night {Dark Will+ SInv}
162420 | Trove    | Got a sparkling sapphire amulet
162425 | Trove    | Got a glittering steel ring
162448 | Trove    | Got a polished morningstar
162574 | Depths:5 | Identified the +1 morningstar of Vanity {venom, Stlth+}
                  | (You found it in a treasure trove)
162576 | Depths:5 | Identified the ring of Ginkunebb {rC+ Will- rCorr Str+2
                  | Dex+2} (You found it in a treasure trove)
162579 | Depths:5 | Identified the amulet of Kuiwk {Spirit rF- Int+7 Stlth+}
                  | (You found it in a treasure trove)
163208 | Depths:5 | Found a gate to the Realm of Zot.
164778 | Vaults:5 | Entered Level 5 of the Vaults
164780 | Vaults:5 | Reached skill level 23 in Spellcasting
165209 | Vaults:5 | Identified the +11 mace of Ijej {pain, rC+++}
165906 | Vaults:5 | Identified Feon Iba's Incunabulum of Supportive Black Magic
                  | (Sif Muna gifted it to you on level 5 of the Vaults)
165906 | Vaults:5 | Received a gift from Sif Muna
166137 | Vaults:5 | Identified the cursed +0 rapier of the Fox {elec, *Slow
                  | Str+4}
167366 | Vaults:5 | Reached skill level 24 in Spellcasting
167403 | Vaults:5 | Identified the +7 war axe "Ysorghech" {vorpal, rElec rPois
                  | rF+++ Will-}
167893 | Vaults:5 | Reached XP level 26. HP: 135/136 MP: 12/52
168019 | Vaults:5 | Identified the +5 short sword "Pendulum" {drain, rPois}
168113 | Vaults:5 | Noticed an ancient lich
168682 | Vaults:5 | Killed an ancient lich
169425 | Vaults:5 | Identified The Arcane Secrets of Wizardry
169789 | Vaults:5 | Got a silver rune of Zot
169993 | Vaults:5 | Identified the Catalogue of Calling and Changing
170012 | Vaults:5 | Identified the Almanac of the Lethal Volcanoes
170047 | Vaults:5 | Identified the Incunabulum of Venom and Earth
171236 | Vaults:5 | Identified the +3 buckler "Fusa" {*Corrode +Blink Str+5
                  | Dex+8} (You found it on level 5 of the Vaults)
171696 | Zot:1    | Entered Level 1 of the Realm of Zot
173913 | Zot:2    | You fall into a shaft and drop 2 floors!
173975 | Zot:3    | HP: 6/140 [tentacled monstrosity (4)]
173987 | Zot:3    | Killed from afar by a black draconian

Illustrated notes

Levels and vault maps discovered:
D:1:      minmay_arrival_plants_in_alcoves, layout_loops_ring, minmay_bisected
D:2:      layout_basic, chequers_ecumenical_altar_simple_redux,
          minmay_box_of_dots
D:3:      layout_loops_ring, nicolae_overflow_hidden_temple, old_standard_altar,
          nemelex_xobeh_ov_fountains_minmay, uniq_robin, uniq_sigmund,
          uniq_terence
D:4:      layout_cave_pools, grunt_temple_overflow_champion_of_chaos,
          grunt_temple_overflow_opulence
D:5:      layout_loops_corners, kennysheep_donut, uniq_eustachio
D:6:      layout_basic, gammafunk_ghost_nasty_kobolds, trog_wizard, uniq_edmund,
          uniq_blork_the_orc, uniq_crazy_yiuf_cottage
D:7:      layout_basic, kennysheep_little_box, general_overflow_altar,
          zin_academy, lemuel_round_altar, temple_green, the_bakery, uniq_joseph
D:8:      gammafunk_cloud_chamber, layout_loops_cross, basic_altar,
          serial_shops, shop, hangedman_decor_riveting, minmay_hedge_maze,
          minivault_21, nicolae_gozag_zags_fifth_avenue
D:9:      layout_big_octagon, kennysheep_mini, nicolae_overflow_crystal_walls,
          old_standard_altar, dpeg_lair_monsters
D:10:     kennysheep_seaside_town, layout_gridville, erik_orc_4
D:11:     layout_stronghold
D:12:     layout_loops_ring, gammafunk_ghost_hydra_chop,
          kennysheep_generic_room_5, uniq_nergalle, uniq_josephine
D:13:     minmay_stone_box, layout_irregular_city, david_vaults_2,
          minmay_diamond_spiral, uniq_erolcha, uniq_maurice
D:14:     layout_loops_cross, nicolae_tso_swordbearing_angel, serial_shops,
          shop, uniq_agnes
D:15:     grunt_enter_depths_hoard, layout_irregular_city, serial_shops,
          shop_coins, nicolae_shop_statue_plus, shop,
          portal_ice_cave_entry_imps, grunt_qazlal_clouds, uniq_roxanne,
          uniq_kirke, uniq_rupert, uniq_jorgrun
Temple:   compressed_dpeg_triangle_lava_temple
Lair:1:   layout_regular_city
Lair:2:   layout_cave_pods, gauntlet_entry_generic,
          nicolae_quartered_pool_super, minmay_stone_trees_small, uniq_fannar,
          uniq_sonja
Lair:3:   lemuel_slime, layout_gridlike, nicolae_swamp_entry_splash_gauntlet,
          small_statue_intersection, grunt_megastairs_5
Lair:4:   layout_long_grid, spider_nest_entry_web_field, basic_altar
Lair:5:   layout_concentric_octagons, grunt_megastairs_2
Lair:6:   minmay_lair_end_enchanted_forest, layout_loops_ring, slime_altar_1,
          serial_bayou_lake_a, serial_bayou_shore_b
Swamp:1:  layout_falls_marsh, infiniplex_staircase_pool_2, st_swamp_ruins_4
Swamp:2:  layout_falls_marsh, nicolae_swamp_feature_on_the_river_bank,
          uniq_louise
Swamp:3:  layout_basic_swamp, evilmike_swamp_ruin_house_6
Swamp:4:  swamp_basic_johnstein, layout_basic_swamp
Spider:1: layout_spider_delve
Spider:2: layout_spider_delve
Spider:3: layout_spider_delve
Spider:4: spider_rune_water, drop_trap, uniq_aizul, uniq_donald
Orc:1:    layout_caves, gammafunk_ghost_smash, minmay_orc_temple_c
Orc:2:    st_orc_ogre_mass, layout_diamond_mine
Elf:1:    layout_geoelf_diagonals, minmay_elf_sorcery,
          small_chamber_with_monster
Elf:2:    layout_onion_city, serial_shops, shop_scrolls,
          serial_sigils_hangedman_quiver
Elf:3:    grunt_elf_hall_branching, layout_loops_ring, ebering_ghost_xom,
          minivault_20
Vaults:1: v_misc_23, nicolae_vaults_big_ls, st_quartered_hall,
          nicolae_vaults_triangles, nicolae_vaults_network_s,
          hangedman_vaults_snaps, vaults_dpeg_spiral, ontoclasm_vaults_fault,
          vaults_dpeg_hooks, layout_vaults_omnigrid, serial_shops, shop, shop
Vaults:2: advil_vaults_ghost_lines, vaults_mumra_chevron_long,
          nicolae_vaults_little_squares_2, dpeg_vaults_monster_row,
          hangedman_vaults_hard_town_square, nicolae_vaults_network_periphery,
          vaults_standard_mumra_enter_the_diamond, grunt_vaults_focal,
          nicolae_vaults_little_squares_2, nicolae_vaults_network_square,
          nicolae_vaults_border_crossing, nicolae_vaults_three_branches,
          layout_vaults_ring
Vaults:3: minmay_crypt_entry_necro_gods, st_smaller_cells, v_misc_3, v_misc_25,
          v_alt_pattern_5, v_misc_27, v_rooms_3, vaults_room_pools, v_misc_10,
          v_misc_15, vaults_mumra_lcd, nicolae_vaults_rhombus_5,
          layout_vaults_big_room, serial_shops, shop, shop, shop
Vaults:4: v_misc_27, vaults_room_fancy_cross,
          vaults_room_grunt_arrival_checkpoint, ontoclasm_vaults_twist,
          nicolae_vaults_puzzle_piece, nicolae_vaults_branching_niches,
          vaults_room_boxed, dpeg_vaults_monster_box,
          vaults_standard_mumra_enter_the_diamond, vaults_room_pool, v_misc_25,
          v_misc_17, layout_vaults_omnicross, serial_shops, shop
Vaults:5: serial_shops
Crypt:1:  layout_chaotic_city, uniq_mennas
Crypt:2:  layout_gridlike, uniq_khufu
Crypt:3:  cryptofortress_bobbens
Depths:1: layout_gridlike, hell_entry, nrook_pool_corridor,
          kennysheep_four_rooms, minmay_shop_grove
Depths:2: gammafunk_its_a_trap, layout_gridlike, enter_ziggurat_d,
          rand_demon_pan_entry_4, hell_entry, ebering_ghost_xom,
          minmay_misc_feat_secret_circle
Depths:3: evilmike_negative_zone, layout_basic, hell_entry,
          grunt_pan_entry_spiral, dispersion_dpeg, grunt_megastairs_3,
          minmay_staircase_bubble, uniq_bai_suzhen
Depths:4: minmay_the_grid_triangle_9x9_recursive_2
          [minmay_the_grid_triangle_9x9_prize_special,
          minmay_the_grid_triangle_9x9_alien,
          minmay_the_grid_triangle_9x9_longest,
          minmay_the_grid_triangle_9x9_zippers_horizontal], layout_gridlike,
          minmay_crystal_room, grunt_hell_horde, hangedman_abyss_entry_splay,
          firewood_loft, infiniplex_staircase_zigzag_4
Depths:5: evilmike_zot_entry_gauntlet, layout_basic, hell_entry,
          nicolae_two_hexagons, nicolae_trove_entry_free_sample
Zot:1:    layout_onion, grunt_megastairs_4
Zot:2:    infiniplex_zot_generator, layout_misc_corridors
Zot:3:    lemuel_draconian_sentries, layout_misc_corridors,
          gammafunk_ghost_berserking_beasts
Zot:4:    layout_twisted_circle, lemuel_elevator, grunt_megastairs_1

Skill      XL: |  1  2  3  4  5  6  7  8  9 10 11 12 13 14 15 16 17 18 19 20 21 22 23 24 25 |
---------------+----------------------------------------------------------------------------+-----
Spellcasting   | 3 4 5 6 7 9 10 11 12 13 14 16 17 18 19 21 22 24 | 24.6
Transmutations | 2 3 4 5 6 7 8 |  8.8
Stealth        | 4 5 8 12 13 | 13.0
Dodging        | 4 5 10 12 | 12.6
Poison Magic   | 4 5 6 8 10 11 12 | 12.1
Conjurations   | 4 5 6 7 8 9 |  9.4
Air Magic      | 2 3 4 5 6 7 8 |  8.0
Fire Magic     | 1 3 4 5 7 8 |  8.0
Translocations | 2 5 7 8 |  8.4
Fighting       | 1 4 7 8 9 10 11 12 14 | 14.9
Slings         | 4 7 8 |  8.0
Shields        | 1 5 |  5.9
Hexes          | 2 4 8 10 | 10.0
Armour         | 5 |  5.0
Earth Magic    | 5 11 13 15 16 17 18 19 20 21 22 | 22.4
Invocations    | 5 9 10 | 10.0
Evocations     | 5 |  5.8
Summonings     | 3 5 |  5.1

Action                   |  1- 3 |  4- 6 |  7- 9 | 10-12 | 13-15 | 16-18 | 19-21 | 22-24 | 25-27 || total
-------------------------+-------+-------+-------+-------+-------+-------+-------+-------+-------++-------
Melee: Short sword       |    25 |    19 |    15 |       |       |    20 |    67 |       |       ||   146
       Whip              |       |       |       |       |       |       |     1 |     1 |       ||     2
       Morningstar       |       |       |       |       |       |       |       |     6 |     2 ||     8
 Fire: Shortbow          |       |       |     4 |     6 |    12 |       |       |       |       ||    22
       Hunting sling     |       |       |    54 |    59 |   165 |   386 |    69 |       |       ||   733
 Cast: Sting             |    42 |    17 |    72 |    54 |     2 |       |       |       |       ||   187
       Poisonous Vapours |       |    68 |   109 |    71 |   529 |   308 |    74 |    14 |       ||  1173
       Magic Dart        |       |       |    74 |    79 |    56 |     2 |       |       |       ||   211
       Ignite Poison     |       |       |    50 |   115 |   286 |   291 |   255 |    89 |       ||  1086
       Mephitic Cloud    |       |       |    13 |    47 |    45 |    18 |       |       |       ||   123
       Olgreb's Toxic Ra |       |       |       |    85 |   104 |   217 |   278 |    58 |       ||   742
       Searing Ray       |       |       |       |     6 |       |       |       |       |       ||     6
       Iskenderun's Myst |       |       |       |    48 |    70 |   123 |     8 |    58 |    12 ||   319
       Gell's Gravitas   |       |       |       |     1 |       |       |       |       |       ||     1
       Foxfire           |       |       |       |       |   414 |   240 |   110 |     1 |       ||   765
       Blink             |       |       |       |       |     6 |    42 |     1 |     1 |       ||    50
       Passwall          |       |       |       |       |     2 |       |     2 |    19 |     3 ||    26
       Lee's Rapid Decon |       |       |       |       |       |    18 |   290 |   498 |   230 ||  1036
       Iron Shot         |       |       |       |       |       |   131 |   102 |   302 |    65 ||   600
       Invisibility      |       |       |       |       |       |       |       |     1 |       ||     1
       Airstrike         |       |       |       |       |       |       |       |    15 |       ||    15
       Spellforged Servi |       |       |       |       |       |       |       |     3 |       ||     3
       Shatter           |       |       |       |       |       |       |       |    56 |    40 ||    96
Invok: Channel Magic     |       |       |       |       |       |       |    27 |    23 |    13 ||    63
       Forget Spell      |       |       |       |       |       |       |     3 |       |       ||     3
Evoke: Wand              |       |       |       |       |     2 |    34 |       |     3 |       ||    39
  Use: Scroll            |       |     8 |     7 |    13 |    21 |     8 |     1 |     8 |    18 ||    84
       Potion            |       |       |       |     1 |     6 |     4 |     1 |     4 |     6 ||    22
 Stab: Sleeping          |       |       |       |       |       |     2 |     2 |     1 |       ||     5
       Invisible         |       |       |       |       |       |     1 |       |       |       ||     1
Armor: Robe              |     2 |     3 |     7 |       |     2 |    33 |    15 |    13 |    19 ||    94
       Troll leather arm |       |       |       |       |    22 |    69 |     2 |       |       ||    93
Dodge: Dodged            |    20 |    28 |    88 |   106 |   163 |   562 |   151 |   134 |   180 ||  1432
Block: Other             |       |       |       |    10 |     1 |       |       |       |       ||    11
       Buckler           |       |       |       |       |   140 |   386 |   153 |   118 |    81 ||   878
       Reflection        |       |       |       |       |    38 |     7 |    93 |    29 |       ||   167
